Map: Pylon LE

Players

Mike

  • Race: Zerg Zerg
  • League: Platinum
  • Spawn Location: 11:00

Sindyr - Winner!

  • Race: Zerg Zerg
  • League: Master
  • Spawn Location: 5:00

VOD

Have the link to the VOD?

Description

Time

  • Played on: Oct. 29, 2025, 12:37 a.m.
  • Length: 18:22
Show
View Real Time Build Order
Export as new Build Order

Mike Zerg 

Build Orders: Pool First, Lurkers 

Get SALT Encoding   

  12  0:48  Drone  
  13  0:56  Extractor  
  13  0:57  Extractor, Drone x2  
  13  1:04  Spawning Pool  
  13  1:09  Drone  
  13  1:12  Hatchery  
  13  1:16  Drone  
  13  1:23  Drone  
  14  1:32  Overlord  
  14  1:52  Queen  
  16  1:56  Metabolic Boost  
  16  2:02  Zergling x2  
  16  2:04  Zergling x2  
  18  2:08  Drone  
  19  2:18  Drone  
  20  2:26  Drone x2  
  22  2:36  Queen  
  24  2:46  Baneling Nest  
  24  2:47  Drone  
  24  2:52  Drone  
  25  3:17  Overlord  
  25  3:33  Overlord  
  25  3:35  Queen  
  27  3:51  Drone  
  27  3:52  Drone x2  
  30  3:56  Drone x2  
  30  3:58  Drone x4  
  36  4:11  Overlord  
  36  4:20  Baneling x3  
  36  4:21  Evolution Chamber x2  
  35  4:31  Zergling x6  
  35  4:36  Lair  
  37  4:44  Drone x4  
  37  4:45  Drone  
  42  4:55  Zerg Melee Weapons Level 1  
  42  4:56  Zerg Ground Armor Level 1  
  42  4:59  Extractor  
  41  5:01  Extractor  
  41  5:04  Drone x4  
  41  5:05  Evolution Chamber  
  41  5:06  Drone  
  44  5:15  Overlord  
  44  5:18  Overlord  
  44  5:22  Spore Crawler  
  44  5:23  Drone  
  44  5:34  Drone x3  
  47  5:38  Centrifugal Hooks  
  47  5:42  Hydralisk Den  
  47  5:43  Drone  
  47  5:48  Drone x5  
  52  5:54  Spore Crawler  
  51  6:01  Zerg Missile Weapons Level 1  
  51  6:06  Spine Crawler  
  51  6:11  Spine Crawler  
  49  6:13  Spine Crawler  
  49  6:14  Drone x3  
  51  6:19  Grooved Spines  
  51  6:21  Pneumatized Carapace  
  51  6:23  Overseer  
  51  6:26  Drone  
  51  6:28  Drone  
  51  6:30  Drone  
  54  6:41  Lurker Den  
  54  6:44  Drone x2  
  55  6:58  Zerg Melee Weapons Level 2  
  55  7:00  Zerg Ground Armor Level 2  
  55  7:12  Drone x2  
  57  7:17  Hydralisk  
  57  7:20  Hydralisk, Spore Crawler  
  57  7:22  Overlord x2  
  60  7:34  Spore Crawler  
  60  7:35  Muscular Augments  
  59  7:37  Overlord  
  59  7:45  Lurker  
  59  7:46  Lurker  
  61  7:56  Zerg Missile Weapons Level 2  
  61  7:58  Hydralisk  
  61  7:59  Hydralisk  
  61  8:01  Zergling x2  
  61  8:02  Zergling x16  
  61  8:03  Zergling x2  
  75  8:14  Baneling x3  
  75  8:22  Baneling x2  
  75  8:26  Lurker  
  76  8:27  Lurker  
  76  8:32  Overseer  
  77  8:46  Hatchery  
  76  9:03  Hydralisk x3  
  76  9:04  Hydralisk  
  84  9:13  Overlord  
  84  9:19  Infestation Pit  
  84  9:24  Spore Crawler  
  82  9:27  Spore Crawler  
  81  9:35  Lurker x2  
  81  9:36  Lurker  
  81  9:38  Lurker  
  85  9:44  Spore Crawler  
  84  10:07  Drone  
  84  10:08  Drone x13  
  98  10:17  Spore Crawler  
  98  10:20  Hive  
  97  10:30  Overseer  
  97  10:37  Extractor  
  97  10:39  Extractor  
  97  10:42  Evolution Chamber, Spine Crawler  
  93  10:44  Baneling x3, Spine Crawler, Evolution Chamber  
  91  11:09  Hydralisk  
  91  11:10  Hydralisk x2  
  97  11:11  Overlord  
  97  11:12  Overlord x2  
  73  11:35  Zergling x2  
  73  11:36  Zergling x16  
  73  11:37  Zergling x2  
  73  11:38  Zergling x20  
  62  12:15  Seismic Spines  
  62  12:19  Overlord x3  
  62  12:20  Adrenal Glands  
  62  12:29  Zerg Melee Weapons Level 3  
  62  12:30  Zerg Ground Armor Level 3  
  62  12:34  Overlord x3  
  62  13:13  Adaptive Talons  
  62  13:14  Baneling x2  
  62  13:15  Baneling x2  
  62  13:16  Hydralisk x11  
  84  13:45  Lurker  
  84  13:46  Drone x3  
  84  13:47  Queen  
  90  13:49  Queen x2  
  94  14:02  Lurker x2  
  94  14:03  Lurker x2  
  94  14:07  Overseer  
  53  14:50  Zergling x4  
  53  14:51  Zergling x10  
  52  15:07  Zergling x6  
  52  15:08  Zergling x34  
  67  15:34  Drone x2  
  68  15:40  Overseer  
  68  15:44  Hydralisk x3  
  74  15:51  Drone x7  
  74  15:56  Spine Crawler  
  52  16:24  Hydralisk x6  
Show
View Real Time Build Order
Export as new Build Order

Sindyr Zerg - Winner!

Build Orders: Hatch First, Roach Hydra 

Get SALT Encoding   

  12  0:03  Drone  
  13  0:09  Drone  
  13  0:13  Extractor  
  13  0:16  Drone  
  13  0:20  Extractor  
  13  0:22  Drone  
  13  0:28  Overlord  
  16  0:51  Drone  
  16  0:54  Hatchery  
  16  0:55  Drone  
  17  1:06  Drone  
  17  1:09  Extractor  
  17  1:17  Spawning Pool, Drone  
  17  1:20  Drone  
  18  1:33  Drone  
  18  1:39  Drone  
  20  1:51  Drone  
  21  2:05  Queen  
  21  2:06  Queen  
  25  2:11  Zergling x4  
  27  2:16  Overlord  
  27  2:25  Drone  
  28  2:34  Drone  
  29  2:41  Queen  
  31  2:47  Lair  
  31  2:52  Roach Warren  
  31  2:53  Evolution Chamber  
  31  2:54  Drone x2  
  31  2:56  Drone  
  32  3:29  Overlord  
  32  3:30  Overlord  
  32  3:32  Zerg Missile Weapons Level 1  
  31  3:42  Roach  
  31  3:43  Roach  
  31  3:45  Overlord x2  
  34  3:53  Drone x6  
  40  4:05  Glial Reconstitution  
  40  4:09  Extractor  
  39  4:10  Drone x6  
  45  4:21  Drone  
  46  4:31  Evolution Chamber  
  45  4:53  Hatchery  
  45  4:57  Zerg Ground Armor Level 1  
  44  5:02  Hydralisk Den  
  44  5:03  Drone x4  
  44  5:04  Drone x2  
  49  5:08  Extractor x2  
  49  5:13  Roach x4  
  55  5:17  Roach  
  57  5:44  Drone x3  
  60  5:51  Zerg Missile Weapons Level 2  
  60  5:54  Muscular Augments  
  60  5:56  Overlord  
  60  5:57  Overlord  
  60  6:02  Overlord x6  
  60  6:20  Drone x3  
  60  6:22  Infestation Pit  
  60  6:25  Drone x7  
  63  6:29  Roach  
  71  6:43  Queen  
  73  6:56  Drone x2  
  73  6:57  Drone x7, Zerg Ground Armor Level 2  
  82  7:02  Hive  
  82  7:09  Overseer x2  
  82  7:16  Overlord  
  82  7:17  Extractor  
  81  7:47  Drone x3  
  81  7:50  Roach x13  
  110  7:54  Hatchery  
  109  8:07  Grooved Spines  
  109  8:18  Extractor  
  108  8:25  Zerg Missile Weapons Level 3  
  108  8:34  Hydralisk  
  108  8:35  Hydralisk x3, Roach x2  
  108  8:36  Roach x9  
  108  8:37  Overlord  
  108  8:38  Overlord  
  138  8:42  Pneumatized Carapace  
  138  9:15  Overlord x4  
  138  9:16  Overlord x2  
  138  9:35  Zerg Ground Armor Level 3  
  138  9:55  Hydralisk x13  
  138  9:56  Hydralisk x3, Roach x3  
  138  9:57  Roach x2  
  180  10:06  Unknown  
  180  10:40  Extractor  
  180  10:41  Hydralisk x2  
  180  10:42  Hydralisk x3, Roach x3  
  197  10:43  Roach x2  
  197  10:46  Hatchery  
  198  11:29  Hydralisk, Roach  
  198  11:30  Hydralisk x2  
  198  11:31  Roach x5, Hydralisk x4  
  200  11:32  Roach  
  200  11:33  Roach x2, Hydralisk  
  106  12:02  Hydralisk x2, Roach  
  106  12:03  Hydralisk x5, Roach x4  
  106  12:04  Roach x6, Hydralisk x4  
  106  12:05  Roach x2  
  146  12:33  Zerg Melee Weapons Level 1  
  146  12:40  Ultralisk Cavern  
  146  12:41  Drone x4  
  149  12:44  Hydralisk x2  
  149  12:45  Hydralisk x4, Roach x4  
  149  12:46  Roach x5  
  179  12:54  Overseer x2  
  179  12:55  Overlord x3  
  179  13:02  Extractor  
  179  13:04  Queen  
  180  13:15  Overseer  
  180  13:17  Overseer  
  180  13:28  Chitinous Plating  
  180  13:39  Roach x10  
  180  13:40  Overseer  
  150  14:44  Ultralisk x4  
  150  14:45  Ultralisk, Roach x2  
  134  14:46  Roach x17  
  152  14:57  Hydralisk  
  152  14:58  Roach  
  152  14:59  Roach x2  
  160  15:00  Roach x2  
  164  15:10  Zerg Melee Weapons Level 2  
  164  15:46  Drone x3  
  164  15:48  Roach  
  164  15:49  Roach x15  
  197  16:36  Overlord x2  
  197  16:37  Overlord x3  
  195  17:10  Overseer  
  195  17:12  Unknown  
  184  17:27  Hydralisk  
  184  17:28  Hydralisk x4, Roach x3  
Tags
 
Matchup
ZvZ
Race
Zerg
Replay Pack
Multiplayer
Spawn Locations
Cross Positions
Add a new tag
Caveats
  • Supply blocks, unpowered buildings, or Contaminate may cause inaccurate times.
  • Supply counts are checked every 10 seconds.